 Dungeon Crawl Stone Soup version 0.31-a0-986-g5e6e4ef867 (webtiles) character file.

Game seed: 4266898056768862544

312 skwerlee the Skirmisher (level 6, -4/55 HPs)
             Began as a Kobold Hunter on Nov 15, 2023.
             Killed by an exploding gnoll (26 damage)
             ... ignited by their inner flame
             ... on level 4 of the Dungeon.
             The game lasted 00:08:40 (3087 turns).

skwerlee the Skirmisher (Kobold Hunter)             Turns: 3087, Time: 00:08:41

Health: -4/55      AC: 23    Str:  7 (9)  XL:     6   Next: 71%
Magic:  6/6        EV:  3    Int:  8 (10) God:
Gold:   135        SH:  0    Dex: 19 (20) Spells: 5/5 levels left

rFire   . . .        a - +0 shortbow
rCold   . . .        (shield currently unavailable)
rNeg    . . .        c - melded +0 leather armour
rPois   +            (helmet currently unavailable)
rElec   .            (cloak currently unavailable)
rCorr   .            (gloves currently unavailable)
SInv    .            (boots currently unavailable)
Will    .....        (no amulet)
Stlth   ++           (no ring)
HPRegen 0.29/turn    (no ring)
MPRegen 0.10/turn

%: no passive effects
@: tree-form, silenced
A: stationary, stasis, torment immunity, boosted hp, small, no large weapons,
nightstalker 3
a: no special abilities


You were on level 4 of the Dungeon.
You were a tree.
You visited 1 branch of the dungeon, and saw 4 of its levels.

You collected 135 gold pieces.

Inventory:

Hand Weapons
 a - a +0 shortbow (weapon)
Armour
 c - a +0 leather armour (melded)
Scrolls
 b - a scroll of butterflies
 g - a scroll of amnesia
 h - a scroll of fog
Potions
 d - a potion of degeneration
 e - a potion of lignification
 k - 2 potions of brilliance
 l - 2 potions of ambrosia
 m - a potion of heal wounds {unknown}


   Skills:
 + Level 3.1 Fighting
 + Level 8.7 Ranged Weapons
 + Level 1.8 Armour
 + Level 2.6 Dodging
 + Level 1.5 Stealth


You had 5 spell levels left.
You didn't know any spells.
Your spell library contained the following spells:

 Spells                   Type           Power      Damage    Failure   Level
 Stone Arrow              Conj/Erth      0%         3d7       78%         3
 Animate Armour           Summ/Erth      0%         N/A       99%         4
 Lehudib's Crystal Spear  Conj/Erth      0%         10d2      100%        8


Dungeon Overview and Level Annotations

Branches:
Dungeon (4/15)
 Temple: D:4-7

Altars:
Wu Jian

Shops:
D:1 (


Innate Abilities, Weirdness & Mutations

You are a tree.
Your roots penetrate the ground, keeping you stationary.
You cannot be teleported.
You are immune to unholy pain and torment.
Your maximum health is greatly increased.
Your equipment is partially melded.
You are small and have problems with some larger weapons.
You are completely attuned to the shadows.


Message History

It was a potion of enlightenment.
Your roots keep you in place.
The phantom hits you but does no damage.
The gnoll hits you but does no damage. x2
You shoot an arrow. The arrow closely misses the phantom.
The gnoll hits you with a +0 flail.
The phantom hits you but does no damage.
The gnoll hits you but does no damage.
You shoot an arrow.
The arrow hits the phantom but does no damage.
The phantom barely misses you. The gnoll barely misses you.
The gnoll hits you but does no damage.
You shoot an arrow.
The arrow hits the phantom but does no damage.
Your enlightenment fades.
The gnoll hits you but does no damage.
The phantom hits you but does no damage.
The gnoll hits you but does no damage.
You shoot an arrow. The arrow barely misses the phantom.
The phantom hits you but does no damage.
The gnoll hits you with a +0 flail. The gnoll hits you but does no damage.
You shoot an arrow. The arrow closely misses the phantom.
The gnoll hits you but does no damage. x2
The phantom hits you but does no damage.
You shoot an arrow. The arrow hits the phantom.
Flame seeps out of the phantom.
The phantom is lightly damaged.
The gnoll hits you with a +0 flail.
The phantom is engulfed in blazing flames.
Flame seeps out of the phantom.
The phantom hits you but does no damage.
The gnoll hits you but does no damage.
You shoot an arrow. The arrow hits the phantom!
Flame seeps out of the phantom.
The phantom is almost destroyed.
The phantom is engulfed in blazing flames.
The phantom explodes!
The fiery explosion engulfs the gnoll!!!
The fiery explosion engulfs you!
The fiery explosion engulfs the gnoll!!!
The gnoll explodes!
The fiery explosion engulfs you!!
You die...

########. ..
###........ ...
#..........
...######.#......##
...........####....
...)..†>.........#.
.#§§.......#.###.#.
#○§§......#.......
#♣§g......#..##.##
###########..##.#
#.....## ###....#
####.# #.# #.. ##.
##


You could see a gnoll (inner flame).

Vanquished Creatures
  A phantom (D:4)
  2 scorpions (D:4)
  A hound (D:4)
  An iguana (D:4)
  6 gnolls (D:4)
  4 adders
  3 worms (D:3)
  2 dart slugs
  7 ball pythons
  3 endoplasms (D:2)
  3 giant cockroaches
  7 goblins
  A hobgoblin (D:4)
  4 jackals (D:2)
  3 quokkas
  4 bats
  A frilled lizard (D:2)
  5 kobolds
  5 rats
63 creatures vanquished.

Notes
Turn   | Place    | Note
-------+----------+-------------------------------------------
     0 | D:1      | skwerlee the Kobold Hunter began the quest for the Orb.
     0 | D:1      | Reached XP level 1. HP: 12/12 MP: 1/1
    21 | D:1      | Found Siklauh's Weapon Emporium.
   174 | D:1      | Reached XP level 2. HP: 17/17 MP: 2/2
   373 | D:1      | Reached skill level 6 in Ranged Weapons
   974 | D:2      | Reached XP level 3. HP: 21/21 MP: 3/3
  1528 | D:2      | Reached XP level 4. HP: 27/27 MP: 4/4
  1907 | D:3      | Reached skill level 7 in Ranged Weapons
  2297 | D:4      | Reached skill level 1 in Armour
  2303 | D:4      | Noticed a scorpion
  2319 | D:4      | Killed a scorpion
  2320 | D:4      | Reached XP level 5. HP: 8/31 MP: 5/5
  2597 | D:4      | Reached skill level 8 in Ranged Weapons
  2605 | D:4      | Reached XP level 6. HP: 36/36 MP: 6/6
  2946 | D:4      | Found an ornate altar of the Wu Jian Council.
  3087 | D:4      | Killed by an exploding gnoll... ignited by their inner
                  | flame

Illustrated notes

Levels and vault maps discovered:
D:1:      minmay_arrival_floating_metal, layout_loops_cross, serial_shops,
          nicolae_shop_bloodbath_and_beyond, chequers_serial_rivers_small_b
D:2:      layout_loops_ring
D:3:      layout_rooms
D:4:      layout_basic, lemuel_round_altar, grunt_decor_cap

Skill      XL: |  1  2  3  4  5  6 |
---------------+-------------------+-----
Ranged Weapons | 6 7 8 |  8.7
Armour         | 1 |  1.8
Fighting       | 3 |  3.1
Dodging        | |  2.6
Stealth        | |  1.5

Action                     |  1- 3 |  4- 6 || total
---------------------------+-------+-------++-------
   Fire: Shortbow          |    70 |   116 ||   186
    Use: Scroll            |       |     7 ||     7
         Potion            |       |     6 ||     6
 Armour: Leather armour    |    22 |    31 ||    53
         Skin              |       |    24 ||    24
  Dodge: Dodged            |    25 |    63 ||    88

Table legend: (Time is in decaauts)
 A = Elapsed time spent in this place.
 B = Non-inter-level travel time spent in this place.
 C = Inter-level travel time spent in this place.
 D = Time resting spent in this place.
 E = Time spent auto-exploring this place.
 F = Levels seen in this place.
 G = Mean time per level.
                   A        B        C        D        E       F      G
               +--------+--------+--------+--------+--------+-----+--------+
         Total |   3137 |   3030 |    107 |    232 |   2429 |   4 |  784.2 |
       Dungeon |   3137 |   3030 |    107 |    232 |   2429 |   4 |  784.2 |
               +--------+--------+--------+--------+--------+-----+--------+

Top non-repeatable levels by time:
     D:1: 904 daAuts
     D:4: 835 daAuts
     D:2: 765 daAuts
     D:3: 632 daAuts
